 Dungeon Crawl Stone Soup version 0.24-a0-446-g87df7205b4 (webtiles) character file.

Game seed: 13631708404803272132

179 mortelune the Firebug (level 5, -6/29 HPs)
             Began as a Deep Elf Fire Elementalist on June 23, 2019.
             Killed by nerve-wracking pain
             ... invoked by a shadow imp
              (7 damage)
             ... on level 2 of the Dungeon.
             The game lasted 00:05:52 (2613 turns).

mortelune the Firebug (Deep Elf Fire Elementalist)  Turns: 2613, Time: 00:05:53

Health: -6/29      AC:  3    Str:  6    XL:     5   Next: 33%
Magic:  5/12       EV: 13    Int: 20    God:
Gold:   119        SH:  0    Dex: 15    Spells: 1/11 levels left

rFire    x . .     SeeInvis .   u - +2 whip (freeze)
rCold    + . .     Gourm    .   (no shield)
rNeg     . . .     Faith    .   p - +0 robe (curse)
rPois    .         Spirit   .   (no helmet)
rElec    .         Reflect  .   o - +0 cloak
rCorr    +         Harm     .   (no gloves)
MR       .....                  (no boots)
Stlth    ++........             (no amulet)
HPRegen  0.09/turn              l - ring of resist corrosion
MPRegen  0.13/turn              m - ring of ice

@: no status effects
A: no striking features
a: no special abilities


You were on level 2 of the Dungeon.
You were not hungry.

You visited 1 branch of the dungeon, and saw 3 of its levels.

You collected 119 gold pieces.

Inventory:

Hand Weapons
 g - a +0 dagger
 u - a +2 whip of freezing (weapon)
Armour
 a - a +0 robe
 n - a +0 buckler
 o - a +0 cloak (worn)
 p - a cursed +0 robe (worn)
Jewellery
 l - a ring of resist corrosion (left hand)
 m - a ring of ice (right hand)
Scrolls
 b - 2 scrolls of teleportation {unknown}
 d - 2 scrolls of remove curse {unknown}
 e - 2 scrolls of identify {unknown}
 j - a scroll of fog {unknown}
Potions
 f - a potion of might {unknown}
 h - a potion of magic {unknown}
 i - a potion of agility {unknown}
 k - a potion of mutation {unknown}
 q - a potion of curing {unknown}
 r - a potion of cancellation {unknown}
 t - a potion of berserk rage {unknown}
Comestibles
 c - 2 rations


   Skills:
 + Level 1.3 Fighting
 + Level 3.3 Dodging
 - Level 2.4 Stealth
 + Level 3.8 Spellcasting
 * Level 3.1 Conjurations
 * Level 4.6 Fire Magic


You had one spell level left.
You knew the following spells:

 Your Spells              Type           Power        Failure   Level  Hunger
a - Flame Tongue          Conj/Fire      ###..        2%          1    None
b - Throw Flame           Conj/Fire      ###...       4%          2    ##.....
c - Conjure Flame         Conj/Fire      ###.....     8%          3    ###....
d - Sticky Flame          Conj/Fire      ###.....     26%         4    ####...

Your spell library contained the following spells:

 Spells                   Type           Power        Failure   Level  Hunger
 Inner Flame              Hex/Fire       ##......     16%         3    ###....
 Fireball                 Conj/Fire      ###.......   58%         5    ######.


Dungeon Overview and Level Annotations

Branches:
Dungeon (3/15)

Altars:

Annotations:
D:3 1 transporter


Message History

The orc is moderately wounded.
An orc wizard comes into view. It is wielding a +0 dagger.
A shadow imp comes into view.
The shadow imp shouts, "Give up, thou spongy guts-griping clam!"
The shadow imp gestures at you. Pain shoots through your body!
The shadow imp grins evilly.
The shadow imp barely misses you.
There is an escape hatch in the ceiling here.
The shadow imp gestures at you. Pain shoots through your body!
* * * LOW HITPOINT WARNING * * *
A mysterious force pulls you upwards. The hatch slams shut behind you.
All of the chunks of flesh in your inventory have rotted away.
The shadow imp gestures at you. Pain shoots through your body!
* * * LOW HITPOINT WARNING * * *
The shadow imp gestures at you. Pain shoots through your body!
You die...

##.## #...# ### #...#
#.( #...# #.. #...#
#.. #...# #.. #...#
######### #..
##5####.......#####..
#>.@.))....).....'..
#.####.......#####..
#............# ###
#......###...#
#......# #...#
#......# #####
#......# #......#
#.######


You could see a shadow imp.

Vanquished Creatures
  A big kobold (D:1)
  4 gnolls (D:2)
  3 adders (D:2)
  2 oozes
  A worm (D:2)
  A ball python (D:2)
  4 bats
  A giant cockroach (D:2)
  5 goblins
  3 hobgoblins
  3 frilled lizards
  4 kobolds
  4 rats
36 creatures vanquished.

Notes
Turn   | Place    | Note
-------+----------+-------------------------------------------
     0 | D:1      | mortelune the Deep Elf Fire Elementalist began the quest
                  | for the Orb.
     0 | D:1      | Reached XP level 1. HP: 10/10 MP: 6/6
   609 | D:1      | Reached XP level 2. HP: 15/15 MP: 2/8
   618 | D:1      | Learned a level 2 spell: Throw Flame
  1090 | D:2      | Reached XP level 3. HP: 16/20 MP: 0/9
  1095 | D:2      | Learned a level 3 spell: Conjure Flame
  1602 | D:2      | Reached skill level 4 in Fire Magic
  1718 | D:2      | Noticed a big kobold
  1846 | D:1      | Killed a big kobold
  1846 | D:1      | Reached skill level 1 in Fighting
  1846 | D:1      | Reached XP level 4. HP: 9/25 MP: 4/11
  1852 | D:1      | Learned a level 4 spell: Sticky Flame
  2109 | D:2      | Reached XP level 5. HP: 29/29 MP: 5/12
  2564 | D:3      | Found a transporter.
  2610 | D:2      | HP: 1/29 [shadow imp/nerve-wracking pain (4)]
  2613 | D:2      | Killed from afar by a shadow imp

Levels and vault maps discovered:
D:1:      elethiomel_arrival_infinity_welcomes_careful_drivers, layout_basic
D:2:      layout_basic
D:3:      minmay_evil_eye, layout_loops_ring, gammafunk_ghost_stat_death,
          first_ration, uniq_robin

Skill      XL: |  1  2  3  4  5 |
---------------+----------------+-----
Conjurations   | 2 3 |  3.1
Fire Magic     | 4 |  4.6
Fighting       | 1 |  1.3
Dodging        | 3 |  3.3
Stealth        | |  2.4
Spellcasting   | |  3.8

Action                   |  1- 3 |  4- 6 || total
-------------------------+-------+-------++-------
Melee: Dagger            |     4 |       ||     4
 Cast: Flame Tongue      |    36 |    12 ||    48
       Throw Flame       |    21 |    16 ||    37
       Conjure Flame     |     2 |     1 ||     3
       Sticky Flame      |       |     1 ||     1
  Eat: Chunk             |     3 |       ||     3
       Ration            |       |     1 ||     1
Armor: Robe              |     1 |       ||     1
Dodge: Dodged            |    25 |     3 ||    28

Table legend:
 A = Non-vault XP
 B = Vault XP
 C = Vault XP percentage of total XP
 D = Non-vault monster count
 E = Vault monster count
 F = Vault count percentage of total count
                 A         B        C        D         E       F
            +---------+---------+-------+---------+---------+-------
      Total |     257 |       0 |   0.0 |      36 |       0 |   0.0
            +---------+---------+-------+---------+---------+-------
        D:1 |     124 |       0 |   0.0 |      13 |       0 |   0.0
        D:2 |     129 |       0 |   0.0 |      21 |       0 |   0.0
        D:3 |       4 |       0 |   0.0 |       2 |       0 |   0.0
            +---------+---------+-------+---------+---------+-------
